 Dungeon Crawl Stone Soup version 0.21-a0-1-gaf3b9a5 (webtiles) character file.

73 MTVSty1e the Ducker (level 4, 0/34 HPs)
             Began as a Merfolk Transmuter on May 20, 2017.
             Slain by a centaur (6 damage)
             ... on level 3 of the Dungeon.
             The game lasted 00:06:03 (2653 turns).

MTVSty1e the Ducker (Merfolk Transmuter)            Turns: 2653, Time: 00:06:04

Health: 0/34       AC:  2    Str: 11    XL:     4   Next: 27%
Magic:  7/7        EV: 14    Int: 12    God:
Gold:   92         SH:  0    Dex: 14    Spells: 6/7 levels left

rFire    . . .     SeeInvis .   j - +1 short sword (vamp)
rCold    . . .     Gourm    .   (no shield)
rNeg     . . .     Faith    .   b - +0 robe
rPois    .         Spirit   .   (no helmet)
rElec    .         Reflect  .   (no cloak)
rCorr    .         Harm     .   (no gloves)
MR       .....                  (no boots)
Stlth    +.........             t - amulet of rage
Regen    0.2/turn               (no ring)
MPRegen  0.1/turn               (no ring)

@: appendage (expiring)
A: change form in water, swift swim, stealthy swim, horns 2
a: End Transformation, Evoke Berserk Rage


You were on level 3 of the Dungeon.
You were not hungry.
You had grown temporary horns.
You visited 1 branch of the dungeon, and saw 3 of its levels.

You collected 92 gold pieces.

Inventory:

Hand Weapons
 j - a +1 vampiric short sword (weapon)
Missiles
 a - 49 arrows
Armour
 b - a +0 robe (worn)
Jewellery
 g - an uncursed amulet of guardian spirit
 t - an amulet of rage (around neck)
Wands
 q - a wand of random effects (25/48)
Scrolls
 k - a scroll of immolation
 n - 5 scrolls of identify
Potions
 h - a potion of agility
 i - a potion of mutation {unknown}
 l - a potion of might {unknown}
 m - a potion of lignification {unknown}
 s - a potion of flight {unknown}
Books
 c - a book of Changes

   Spells                             Type                      Level
   a - Beastly Appendage              Transmutation                1
   b - Sticks to Snakes               Transmutation                2
   c - Spider Form                    Transmutation/Poison         3
   d - Ice Form                       Ice/Transmutation            4
   e - Blade Hands                    Transmutation                5
Comestibles
 d - 4 fruits
 f - a meat ration


   Skills:
 * Level 2.5 Fighting
 + Level 1.4 Short Blades
 + Level 3.6 Dodging
 - Level 3.5 Unarmed Combat
 + Level 2.1 Spellcasting
 + Level 3.1 Transmutations


You had 6 spell levels left.
You knew the following spells:

 Your Spells              Type           Power        Failure   Level  Hunger
a - Beastly Appendage     Tmut           #.....       8%          1    ##.....


Dungeon Overview and Level Annotations

Branches:
Dungeon (3/15)

Altars:
Xom


Innate Abilities, Weirdness & Mutations

You revert to your normal form in water.
You are very nimble and swift while swimming.
You are very stealthy in the water. (Stealth+)
You have a pair of horns on your head.


Message History

The centaur hits you but does no damage.
You puncture the centaur! Your headbutt misses the centaur.
Your punch misses the centaur.
The centaur is severely wounded.
The centaur hits you.
You hit the centaur.
You feel better.
The centaur is severely wounded.
The centaur barely misses you. x2
You hit the centaur but do no damage.
The centaur is severely wounded.
The centaur hits you!
You hit the centaur.
You feel better.
The centaur is severely wounded.
The centaur hits you!
* * * LOW HITPOINT WARNING * * *
The centaur misses you.
You barely miss the centaur.
The centaur is severely wounded.
The centaur hits you.
You die...

#.# #####<#####
#.........# ##+#
#.###.#...## ##...#
#.# #......#
#.....# #.#
###...##
.......##.###.##..#
?.......#.##...#..#
......c@(.........#
........####...#.##
.......## ##.##.#
#(....# ####.#
##...# ..# ##+# .##
.


You could see a centaur.

Vanquished Creatures
  An ooze (D:1)
  3 worms (D:2)
  3 dart slugs
  2 leopard geckos
  3 bats
  10 goblins
  3 hobgoblins
  4 jackals
  10 kobolds
  9 frilled lizards
  4 rats
52 creatures vanquished.

Notes
Turn   | Place    | Note
-------+----------+-------------------------------------------
     0 | D:1      | MTVSty1e the Merfolk Transmuter began the quest for the Orb.
     0 | D:1      | Reached XP level 1. HP: 15/15 MP: 3/3
    87 | D:1      | Reached XP level 2. HP: 21/21 MP: 3/5
   478 | D:1      | Reached XP level 3. HP: 22/27 MP: 2/6
  1204 | D:2      | Reached skill level 1 in Short Blades
  1398 | D:2      | Found a shimmering altar of Xom.
  1837 | D:2      | Reached XP level 4. HP: 27/34 MP: 7/7
  2642 | D:3      | Noticed a centaur
  2653 | D:3      | Slain by a centaur

Vault maps used:
D:1:      dpeg_chamrin_arrival_tetris
D:2:      xom_butterflies, first_bread, kennysheep_generic_room_16
D:3:      minmay_cupped

Skill      XL: |  1  2  3 |
---------------+----------+-----
Dodging        | 3 |  3.6
Transmutations | 3 |  3.1
Fighting       | 2 |  2.5
Short Blades   | 1 |  1.4
Unarmed Combat | |  3.5
Spellcasting   | |  2.1

Action                   |  1- 3 |  4- 6 || total
-------------------------+-------+-------++-------
Melee: Unarmed           |    19 |       ||    19
       Short sword       |   100 |    62 ||   162
       Headbutt          |     1 |     3 ||     4
       Punch             |     2 |     1 ||     3
 Cast: Beastly Appendage |     4 |     3 ||     7
  Use: Scroll            |       |     6 ||     6
 Stab: Sleeping          |     3 |       ||     3
  Eat: Bread ration      |     1 |     1 ||     2
       Royal jelly       |     1 |       ||     1
       Chunk             |     1 |       ||     1
Armor: Robe              |    19 |     9 ||    28
Dodge: Dodged            |    65 |    46 ||   111
